 Dungeon Crawl Stone Soup version 0.27.1-34-g3ba077fa99 (webtiles) character file.

Game seed: 5212507442505090599

5 cbfl8 the Sneak (level 1, -9/20 HPs)
             Began as a Minotaur Delver on Jan 14, 2022.
             Mangled by Sigmund (11 damage)
             ... on level 5 of the Dungeon.
             The game lasted 00:00:13 (43 turns).

cbfl8 the Sneak (Minotaur Delver)                     Turns: 43, Time: 00:00:14

Health: -9/20      AC:  3    Str: 16    XL:     1   Next: 66%
Magic:  0/0        EV: 11    Int:  7    God:
Gold:   0          SH:  0    Dex: 11    Spells: 0/0 levels left

rFire    . . .     SeeInvis .   a - +0 hand axe
rCold    . . .     Faith    .   (no shield)
rNeg     . . .     Spirit   .   b - +0 leather armour
rPois    .         Reflect  .   (helmet restricted)
rElec    .         Harm     .   (no cloak)
rCorr    .         Rampage  .   (no gloves)
Will     .....                  (no boots)
Stlth    ++........             (no amulet)
HPRegen  0.06/turn              (no ring)
MPRegen  0.07/turn              (no ring)

@: no status effects
A: horns 2, retaliatory headbutt
a: no special abilities


You were on level 5 of the Dungeon.
You visited 1 branch of the dungeon, and saw 1 of its levels.

Inventory:

Hand Weapons
 a - a +0 hand axe (weapon)
 h - a +0 halberd
Armour
 b - a +0 leather armour (worn)
Wands
 g - a wand of digging (3)
Scrolls
 c - a scroll of fog
 d - a scroll of magic mapping
 e - a scroll of fear
Potions
 f - a potion of haste


   Skills:
 + Level 3.7 Fighting
 + Level 2.4 Axes
 + Level 2.2 Dodging
 + Level 4.3 Stealth


You couldn't memorise any spells.
You didn't know any spells.
Your spell library was empty.

Dungeon Overview and Level Annotations

Branches:
Dungeon (5/15)
 Temple: D:4-7

Altars:

Annotations:
D:5 Sigmund


Innate Abilities, Weirdness & Mutations

You have a pair of horns on your head.
You reflexively headbutt those who attack you in melee.


Message History

An ufetubus comes into view.
The ufetubus shouts!
You hear a shout!
Sigmund the Dreaded comes into view.
He is wielding a +0 scythe and carrying a wand of digging (5).
The ufetubus completely misses you. The ufetubus misses you.
A centaur skeleton comes into view.
The ufetubus hits you but does no damage.
The ufetubus barely misses you.
You hit the ufetubus.
The ufetubus is severely wounded.
Sigmund says, "Don't worry, I'll kill you fast."
The ufetubus hits you but does no damage. x2
The ufetubus hits you. The ufetubus barely misses you.
You closely miss the ufetubus.
The ufetubus is severely wounded.
The ufetubus hits you but does no damage. x2
You closely miss the ufetubus. You headbutt the ufetubus.
You kill the ufetubus!
Sigmund casts a spell at you.
You are confused.
Sigmund gestures at you while chanting. The puff of flame hits you!
Ouch! That really hurt!
The centaur skeleton hits you.
* * * LOW HITPOINT WARNING * * *
The centaur skeleton kicks you but does no damage.
You completely miss the centaur skeleton.
The centaur skeleton hits you.
* * * LOW HITPOINT WARNING * * *
The centaur skeleton closely misses you.
The centaur skeleton barely misses you.
The centaur skeleton kicks you but does no damage.
The centaur skeleton hits you but does no damage.
The centaur skeleton misses you.
You feel less confused.
The centaur skeleton closely misses you.
You furiously retaliate!
You headbutt the centaur skeleton.
The centaur skeleton closely misses you.
Sigmund hits you with a +0 scythe!
Ouch! That really hurt!
You die...

###### #....## # #.....
####.## . ##....##
#..#..#..
#......#####.......
#.......#.##....##..
#####...................
#..####........Z........
#....#...#.....@@.....##
##...#...##............#
....##...#.............#
........##.......#...#...
.#.....###..........## #.
####...##.......#####
..#..#..#........
..#....##........
.......#


You could see Sigmund and a centaur skeleton.

Vanquished Creatures
  An ufetubus (D:5)
1 creature vanquished.

Notes
Turn   | Place    | Note
-------+----------+-------------------------------------------
     0 | D:5      | cbfl8 the Minotaur Delver began the quest for the Orb.
     0 | D:5      | Reached XP level 1. HP: 19/19 MP: 0/0
    34 | D:5      | Noticed Sigmund
    43 | D:5      | Mangled by Sigmund

Illustrated notes

Levels and vault maps discovered:
D:5:      layout_cave_pools, regret_index_temple_of_mockery,
          gup_sewer_entry_spiral, uniq_sigmund, uniq_edmund

Action                   || total
-------------------------++-------
Melee: Hand axe          ||     4
       Headbutt          ||     1
Armor: Leather armour    ||     8
Dodge: Dodged            ||     9
